 Dungeon Crawl Stone Soup version 0.20.1-1-g8b1a95d (webtiles) character file.

39743 Monsterracer the Arsonist (level 13, -6/74 HPs)
             Began as a Deep Elf Fire Elementalist on July 8, 2017.
             Was a High Priest of Vehumet.
             Mangled by a spiny frog (17 damage)
             ... on level 6 of the Lair of Beasts.
             The game lasted 01:21:42 (23272 turns).

Monsterracer the Arsonist (DEFE)                   Turns: 23272, Time: 01:21:42

Health: -6/74      AC: 16    Str:  8    XL:     13   Next: 70%
Magic:  2/31       EV: 11    Int: 26    God:    Vehumet [*****.]
Gold:   1019       SH:  4    Dex: 15    Spells: 3/37 levels left

rFire    + . .     SeeInvis .   I - staff of fire
rCold    + + +     Gourm    .   (no shield)
rNeg     + . .     Faith    .   H - +2 ice dragon scales of Inemouza {rF- rC++ rN+ MR+ Str+3}
rPois    +         Spirit   .   f - +0 helmet
rElec    .         Reflect  +   y - scarf {rC+ rF+}
rCorr    .         Harm     .   (no gloves)
MR       ++...                  E - +1 pair of boots
Stlth    +.........             v - +4 amulet of reflection
Regen    0.3/turn               d - +1 ring of evasion
MPRegen  0.3/turn               o - ring of poison resistance

@: no status effects
A: no striking features
a: Renounce Religion


You were on level 6 of the Lair of Beasts.
You worshipped Vehumet.
Vehumet was extremely pleased with you.
You were not hungry.

You visited 3 branches of the dungeon, and saw 19 of its levels.
You also visited: Ice Cave.

You collected 1019 gold pieces.

Inventory:

Missiles
 a - a throwing net (quivered)
Armour
 f - a +0 helmet (worn)
 x - the +2 robe of Jeacw {Regen+}
   (You took it off an orc on level 9 of the Dungeon)

   It increases your rate of regeneration.
 y - a scarf of resistance (worn)
 B - a +2 robe of resistance
 E - a +1 pair of boots (worn)
 H - the +2 ice dragon scales of Inemouza (worn) {rF- rC++ rN+ MR+ Str+3}
   (You found it in an ice cave)

   It affects your strength (+3).
   It makes you vulnerable to fire.
   It greatly protects you from cold.
   It protects you from negative energy.
   It affects your resistance to hostile enchantments.
Magical Staves
 I - an uncursed staff of fire (weapon)
Jewellery
 d - a +1 ring of evasion (left hand)
 o - a ring of poison resistance (right hand)
 v - a +4 amulet of reflection (around neck)
Wands
 u - a wand of lightning (10/15)
 F - a wand of scattershot (2/9)
Scrolls
 j - 5 scrolls of identify
 s - 3 scrolls of remove curse
 t - 2 scrolls of fog
 w - 2 scrolls of enchant weapon
 z - 3 scrolls of teleportation
 G - 3 scrolls of recharging
 J - a scroll of fear
Potions
 e - a potion of haste
 h - 3 potions of flight
 l - a potion of ambrosia
 m - 8 potions of lignification
 n - a potion of might
 p - a potion of mutation
 q - 7 potions of brilliance
 r - 2 potions of agility
 A - 3 potions of heal wounds
 C - 3 potions of magic
 D - 2 potions of curing
 L - a potion of berserk rage
Books
 K - a book of Burglary

   Spells                             Type                      Level
   a - Swiftness                      Charms/Air                   2
   b - Passwall                       Transmutation/Earth          2
   c - Passage of Golubria            Translocation                4
   d - Lee's Rapid Deconstruction     Earth                        5
   e - Darkness                       Hexes                        6
   f - Invisibility                   Hexes                        6
Comestibles
 b - 4 fruits
 c - 9 bread rations
 g - 10 royal jellies
 i - 5 meat rations
 k - 10 chunks of flesh


   Skills:
 + Level 5.9 Fighting
 - Level 5.1 Staves
 - Level 4.8 Armour
 + Level 9.0 Dodging
 - Level 2.4 Stealth
 + Level 12.5 Spellcasting
 * Level 12.5 Conjurations
 - Level 5.1 Charms
 * Level 12.9 Fire Magic
 - Level 6.4 Air Magic


You had 3 spell levels left.
You knew the following spells:

 Your Spells              Type           Power        Failure   Level  Hunger
a - Flame Tongue          Conj/Fire      #####        1%          1    None
b - Conjure Flame         Conj/Fire      #######.     1%          3    None
c - Sticky Flame          Conj/Fire      #######.     1%          4    None
d - Fireball              Conj/Fire      #######...   1%          5    ###....
e - Throw Flame           Conj/Fire      ######       1%          2    None
f - Static Discharge      Conj/Air       ######..     1%          3    None
g - Airstrike             Air            #####.....   9%          4    None
h - Iskenderun's Battles  Conj/Chrm      ######..     9%          5    ###....
i - Orb of Destruction    Conj           ######....   45%         7    ######.


Dungeon Overview and Level Annotations

Branches:
Dungeon (12/15)            Temple (1/1) D:4            Lair (6/6) D:8
 Shoals (0/4) Lair:3       Spider (0/4) Lair:2        Slime (0/5) Lair:5
    Orc (0/2) D:12

Altars:
Ashenzari
Cheibriados
Dithmenos
Elyvilon
Fedhas
Gozag
Hepliaklqana
Kikubaaqudgha
Makhleb
Nemelex Xobeh
Okawaru
Qazlal
Ru
Sif Muna
Trog
Uskayaw
Vehumet
Xom
Yredelemnul
Zin
The Shining One

Shops:
D:4 ?   D:10 %

Annotations:
Lair:5 exclusion: 2 oklob plants


Message History

* * * LOW MAGIC WARNING * * *
The spiny frog burns!
Your battlesphere fires!
The barrage of energy hits the spiny frog.
The spiny frog is heavily wounded.
Your battlesphere expends the last of its energy and dissipates.
The spiny frog stings you!
* * * LOW HITPOINT WARNING * * *
Huge Dmg: -11%(-8hp) hp: 15%(11hp)
Casting: Sticky Flame
Confirm with . or Enter, or press ? or * to list all spells.
Aiming: Flame Tongue
Press: ? - help, Shift-Dir - straight line, f/p - spiny frog
Aim: a spiny frog (heavily wounded, covered in liquid flames)
You feel a surge of power!
The flame tongue hits the spiny frog.
The spiny frog is severely wounded.
* * * LOW MAGIC WARNING * * *
The ice encasing you melts away.
The spiny frog burns!
The spiny frog stings you!
You die...

.... .... ..... #
### #..... #.# ##
#.##......
....#.##.#.......
........†........
......§@.<.......
........F........
.................
............†....
.................
.................
....$##...#..!...
##.## ####.......


You could see a spiny frog (burning).

Vanquished Creatures
  Nessos (Lair:5)
  6 hydras
  A two-headed ogre (D:11)
  An unseen horror (D:11)
  An oklob plant (Lair:4)
  2 ugly things (IceCv)
  3 ice statues (IceCv)
  2 black mambas
  A centaur zombie (D:10)
  10 elephants
  An eye of devastation (Lair:5)
  Psyche (D:9)
  7 spiny frogs
  A gargoyle (D:10)
  A kobold demonologist (D:12)
  5 rime drakes
  9 komodo dragons
  A troll (D:11)
  A jumping spider (Lair:2)
  Prince Ribbit (D:5)
  Grinder (D:3)
  10 blink frogs
  8 hippogriffs
  A wyvern (Lair:5)
  A vampire (D:8)
  33 yaks
  2 basilisks
  3 hungry ghosts
  Eustachio (D:5)
  Edmund (D:5)
  An acid dragon (D:11)
  11 water moccasins
  A warg (D:12)
  4 orc warriors
  6 porcupines
  10 ice beasts
  4 sky beasts
  A black bear (D:8)
  6 ogres
  An eye of draining (Lair:5)
  17 wolves
  7 centaurs
  8 crocodiles
  4 big kobolds
  11 bullfrogs
  A water moccasin zombie (D:8)
  3 scorpions
  A killer bee (D:12)
  3 wights (D:7)
  4 howler monkeys
  11 electric eels
  3 bullfrog zombies
  4 crimson imps
  4 jellies
  7 hounds
  11 orc wizards
  8 orc priests
  3 iguanas
  11 worker ants
  2 hound zombies
  3 hound skeletons
  10 adders
  3 shadow imps
  An ooze (D:4)
  An adder zombie (D:7)
  2 adder skeletons
  3 worms
  A dart slug (D:2)
  3 leopard geckos
  33 orcs
  4 giant cockroaches
  5 hobgoblins
  9 jackals
  17 kobolds
  4 quokkas
  9 bats
  5 frilled lizards
  6 goblins
  A quokka skeleton (D:5)
  6 rats
  3 bushes (Lair:2)
  24 plants
438 creatures vanquished.

Vanquished Creatures (others)
  7 fungi
  A plant (Lair:5)
8 creatures vanquished.

Grand Total: 446 creatures vanquished

Notes
Turn   | Place    | Note
-------+----------+-------------------------------------------
     0 | D:1      | Monsterracer the Deep Elf Fire Elementalist began the quest for the Orb.
     0 | D:1      | Reached XP level 1. HP: 10/10 MP: 6/6
   258 | D:1      | Reached XP level 2. HP: 15/15 MP: 4/8
   717 | D:1      | Learned a level 2 spell: Throw Flame
   918 | D:2      | Reached XP level 3. HP: 19/19 MP: 3/9
   923 | D:2      | Learned a level 3 spell: Conjure Flame
  1003 | D:2      | Found a bloodstained altar of Trog.
  1003 | D:2      | Found a glowing golden altar of the Shining One.
  1583 | D:3      | Reached XP level 4. HP: 24/24 MP: 7/11
  1853 | D:3      | Learned a level 4 spell: Sticky Flame
  2283 | D:3      | Found a snail-covered altar of Cheibriados.
  2283 | D:3      | Found an ancient bone altar of Kikubaaqudgha.
  2413 | D:3      | Noticed Grinder
  2423 | D:3      | Killed Grinder
  2423 | D:3      | Reached skill level 5 in Fire Magic
  2423 | D:3      | Reached XP level 5. HP: 28/28 MP: 3/13
  2423 | D:3      | Reached XP level 6. HP: 32/32 MP: 3/14
  3093 | D:4      | Got a faintly humming scale mail
  3094 | D:4      | Identified the cursed +1 scale mail of Complete Protection {Str+4} (You found it on level 4 of the Dungeon)
  3111 | D:4      | Found Cawext's Magic Scroll Boutique.
  3269 | D:4      | Reached skill level 5 in Spellcasting
  3397 | D:4      | Reached skill level 5 in Conjurations
  3630 | D:4      | Found a staircase to the Ecumenical Temple.
  3648 | D:4      | Learned a level 5 spell: Fireball
  3930 | D:5      | Entered Level 5 of the Dungeon
  4003 | D:5      | Reached XP level 7. HP: 30/36 MP: 7/16
  4097 | D:5      | Noticed Edmund
  4112 | D:5      | Killed Edmund
  4193 | D:5      | Noticed Eustachio
  4204 | D:5      | Killed Eustachio
  4316 | D:5      | Noticed Prince Ribbit
  4323 | D:5      | Killed Prince Ribbit
  4433 | D:5      | Reached XP level 8. HP: 41/41 MP: 12/19
  4951 | D:6      | Found a white marble altar of Elyvilon.
  4960 | D:6      | Reached skill level 1 in Fighting
  5208 | D:6      | You fall through a shaft!
  6471 | D:6      | Reached XP level 9. HP: 43/48 MP: 14/21
  6713 | D:6      | Found a shattered altar of Ashenzari.
  7130 | Temple   | Entered the Ecumenical Temple
  7189 | Temple   | Became a worshipper of Vehumet
  7537 | D:8      | Found a staircase to the Lair.
  7659 | D:8      | Found a sparkling altar of Nemelex Xobeh.
  8143 | D:8      | HP: 2/49 [centaur (5)]
  8545 | D:8      | Reached * piety under Vehumet
  8545 | D:8      | Offered knowledge of Sting by Vehumet.
  8708 | D:8      | Reached skill level 5 in Dodging
  9296 | D:9      | Reached XP level 10. HP: 48/56 MP: 15/24
  9992 | D:8      | Reached skill level 10 in Fire Magic
 10130 | D:9      | Offered knowledge of Sandblast by Vehumet.
 10195 | D:9      | Learned a level 1 spell: Sandblast
 10269 | D:9      | Reached ** piety under Vehumet
 10465 | D:9      | Got an ichor-stained robe
 10476 | D:9      | Identified the +2 robe of Jeacw {Regen+} (You took it off an orc on level 9 of the Dungeon)
 10723 | D:10     | Entered Level 10 of the Dungeon
 10724 | D:10     | Noticed Psyche
 10775 | D:9      | Killed Psyche
 11096 | D:10     | Reached skill level 10 in Conjurations
 11335 | D:10     | Found Tehaf's Food Shop.
 11340 | D:10     | Noticed a gargoyle
 11343 | D:10     | Killed a gargoyle
 11636 | D:10     | Offered knowledge of Static Discharge by Vehumet.
 11641 | D:10     | Learned a level 3 spell: Static Discharge
 11950 | D:10     | You fall through a shaft for 2 floors!
 11950 | D:12     | Found a staircase to the Orcish Mines.
 12043 | D:12     | HP: 2/56 [orc priest/divine providence (12)]
 12249 | D:12     | Reached *** piety under Vehumet
 12257 | D:12     | Noticed a sixfirhy
 12276 | D:12     | Noticed a sun demon
 12862 | D:11     | Reached XP level 11. HP: 61/61 MP: 18/26
 12945 | D:11     | Noticed a two-headed ogre
 12956 | D:11     | Killed a two-headed ogre
 13121 | D:11     | Noticed an unseen horror
 13125 | D:11     | Killed an unseen horror
 13309 | D:11     | Noticed a seven-headed hydra
 13336 | D:11     | Killed a seven-headed hydra
 13525 | D:11     | Noticed a white ugly thing
 13537 | D:10     | Offered knowledge of Airstrike by Vehumet.
 13549 | D:10     | Learned a level 4 spell: Airstrike
 13730 | Lair:1   | Entered Level 1 of the Lair of Beasts
 13755 | Lair:1   | Reached skill level 1 in Air Magic
 13936 | Lair:1   | Found a frozen archway.
 13958 | IceCv    | Entered an ice cave
 13962 | IceCv    | Reached skill level 5 in Air Magic
 14003 | IceCv    | Identified a scroll of acquirement
 14101 | IceCv    | Noticed a white ugly thing
 14116 | IceCv    | Killed a white ugly thing
 14401 | IceCv    | Reached skill level 10 in Spellcasting
 14541 | IceCv    | Noticed a white ugly thing
 14555 | IceCv    | Killed a white ugly thing
 14695 | IceCv    | Got smelly ice dragon scales
 14748 | IceCv    | Identified the +2 ice dragon scales of Inemouza {rF- rC++ rN+ MR+ Str+3} (You found it in an ice cave)
 14937 | Lair:1   | Reached **** piety under Vehumet
 14975 | Lair:1   | Reached XP level 12. HP: 55/68 MP: 22/28
 15120 | Lair:1   | Offered knowledge of Iskenderun's Battlesphere by Vehumet.
 15158 | Lair:1   | Reached skill level 5 in Fighting
 15396 | Lair:1   | Learned a level 5 spell: Iskenderun's Battlesphere
 15421 | Lair:1   | Reached skill level 1 in Staves
 16193 | Lair:2   | Reached skill level 5 in Staves
 16336 | Lair:2   | Reached skill level 1 in Charms
 16585 | Lair:2   | Reached skill level 5 in Charms
 16787 | Lair:2   | Noticed a five-headed hydra
 16816 | Lair:2   | Killed a five-headed hydra
 17053 | Lair:2   | Identified the +1 robe "Jobrish" {MR+} (You found it on level 2 of the Lair of Beasts)
 17176 | Lair:2   | Found a hole to the Spider Nest.
 17266 | Lair:2   | Noticed a seven-headed hydra
 17272 | Lair:2   | Killed a seven-headed hydra
 18526 | Lair:2   | Noticed a four-headed hydra
 18544 | Lair:2   | Killed a four-headed hydra
 19246 | Lair:3   | Found a staircase to the Shoals.
 19441 | Lair:3   | Reached XP level 13. HP: 64/72 MP: 26/29
 20045 | Lair:3   | Reached ***** piety under Vehumet
 20169 | Lair:4   | Offered knowledge of Orb of Destruction by Vehumet.
 20327 | Lair:4   | Found a glowing golden altar of the Shining One.
 21068 | Lair:4   | Learned a level 7 spell: Orb of Destruction
 22111 | Lair:5   | Noticed Nessos
 22116 | Lair:5   | Killed Nessos
 22208 | Lair:5   | Found a staircase to the Slime Pits.
 23256 | Lair:6   | Entered Level 6 of the Lair of Beasts
 23272 | Lair:6   | Mangled by a spiny frog

Skill      XL: |  1  2  3  4  5  6  7  8  9 10 11 12 13 |
---------------+----------------------------------------+-----
Conjurations   | 2 3 4 5 6 7 9 10 11 12 | 12.5
Fire Magic     | 4 5 6 7 8 9 10 11 12 | 12.9
Spellcasting   | 4 5 6 7 8 9 10 12 | 12.5
Fighting       | 1 3 4 5 |  5.9
Dodging        | 3 5 6 7 9 |  9.0
Air Magic      | 6 |  6.4
Staves         | 5 |  5.1
Charms         | 5 |  5.1
Armour         | 4 |  4.8
Stealth        | |  2.4

Action                   |  1- 3 |  4- 6 |  7- 9 | 10-12 | 13-15 || total
-------------------------+-------+-------+-------+-------+-------++-------
Melee: Unarmed           |    15 |     1 |       |       |       ||    16
       Falchion          |       |     4 |    54 |   142 |       ||   200
       Staff             |       |       |       |   141 |    34 ||   175
Throw: Stone             |       |       |       |     1 |       ||     1
       Throwing net      |       |       |       |     1 |       ||     1
 Cast: Flame Tongue      |    64 |    63 |   211 |   308 |    97 ||   743
       Sticky Flame      |       |     8 |    28 |    92 |    31 ||   159
       Conjure Flame     |       |       |    11 |    28 |     3 ||    42
       Fireball          |       |       |     1 |    54 |    29 ||    84
       Throw Flame       |       |       |     6 |    30 |    10 ||    46
       Sandblast         |       |       |       |    23 |       ||    23
       Static Discharge  |       |       |       |     5 |       ||     5
       Airstrike         |       |       |       |     2 |       ||     2
       Iskenderun's Batt |       |       |       |     2 |     3 ||     5
Evoke: Wand              |       |       |       |     1 |       ||     1
  Use: Scroll            |     1 |     3 |     7 |     9 |     3 ||    23
       Potion            |       |       |    11 |     1 |     1 ||    13
 Stab: Sleeping          |       |       |     1 |       |       ||     1
       Held in net/web   |       |       |       |     1 |       ||     1
  Eat: Chunk             |     2 |     7 |    20 |    38 |    14 ||    81
       Fruit             |       |       |       |     5 |       ||     5
Armor: Robe              |     4 |     2 |    12 |    47 |       ||    65
       Skin              |       |       |     6 |       |       ||     6
       Ice dragon scales |       |       |       |    73 |    31 ||   104
Dodge: Dodged            |    19 |    12 |    70 |   249 |    39 ||   389
Block: Other             |       |       |    15 |    70 |    10 ||    95
       Reflection        |       |       |     1 |     2 |     1 ||     4
       Rpst.: Falchion   |       |     2 |    28 |    54 |       ||    84
